Get step-by-step instructions on how to execute this build order below. Start the game timer, and the build order will tick by so you can play in parallel with StarCraft on a second screen or mobile device.

Game Time

  0:00

Last Step

  N/A

Next Step

Upcoming Step



Don't want to look back and forth between 2 screens? Try out our Overwolf App, the Spawning Tool Build Advisor to get an in-game overlay with this build!

Complete Build Order

  12  0:00  Probe  
  13  0:12  Probe  
  14  0:17  Pylon  
  14  0:24  Probe  
  15  0:36  Gateway  
  15  0:38  Probe  
  16  0:46  Assimilator  
  16  0:50  Probe  
  17  1:02  Probe  
  18  1:14  Probe  
  18  1:16  Pylon  
  19  1:21  Zealot (Chrono Boost)  
  21  1:29  Cybernetics Core  
  21  1:31  Probe  
  22  1:41  Gateway  
  22  1:49  Pylon x2  
  22  2:00  Warp Gate (Chrono Boost)  
  22  2:05  Adept  
  24  2:16  Gateway x2  
  24  2:26  Pylon  
  24  2:40  Adept  
  26  3:30  Zealot x4  
  34  3:51  Stalker x4  
  40  4:17  Adept x4  
  40  4:43  Zealot x3